 Dungeon Crawl Stone Soup version 0.21-a0-634-gaf8bc5d (webtiles) character file.

435 Gorglomux the Skirmisher (level 6, 0/53 HPs)
             Began as a Draconian Arcane Marksman on Dec 29, 2017.
             Slain by an ogre
             ... wielding a cursed -2 giant club
              (10 damage)
             ... on level 4 of the Dungeon.
             The game lasted 00:16:12 (4570 turns).

Gorglomux the Skirmisher (DrAM)                     Turns: 4570, Time: 00:16:13

Health: 0/53       AC:  6    Str: 12      XL:     6   Next: 68%
Magic:  9/9        EV: 14    Int: 13 (14) God:
Gold:   129        SH:  0    Dex: 13      Spells: 7/10 levels left

rFire    . . .     SeeInvis .   Q - +0 trident
rCold    . . .     Gourm    .   (no shield)
rNeg     . . .     Faith    .   (armour unavailable)
rPois    .         Spirit   .   (helmet restricted)
rElec    .         Reflect  .   (no cloak)
rCorr    .         Harm     .   (no gloves)
MR       .....                  (no boots)
Stlth    +.........             (no amulet)
HPRegen  0.17/turn              (no ring)
MPRegen  0.11/turn              (no ring)

@: no status effects
A: unfitting armour, cold-blooded, AC +6
a: no special abilities


You were on level 4 of the Dungeon.
You were not hungry.

You visited 1 branch of the dungeon, and saw 4 of its levels.

You collected 129 gold pieces.

Inventory:

Hand Weapons
 Q - a +0 trident (weapon)
 W - a +0 spear
Missiles
 b - 3 javelins (quivered)
 U - 8 tomahawks
 X - 161 stones
 Z - 2 throwing nets
Armour
 V - a +0 shield
Jewellery
 H - an uncursed ring of flight {unknown}
 P - an uncursed amulet of faith {unknown}
Scrolls
 J - a scroll of enchant armour {unknown}
 L - a scroll of identify {unknown}
 M - a scroll of magic mapping
 N - 2 scrolls of amnesia
 T - 2 scrolls of teleportation
 Y - a scroll of remove curse
Potions
 I - a potion of curing {unknown}
 K - a potion of invisibility {unknown}
 O - a potion of ambrosia {unknown}
 R - a potion of haste {unknown}
 S - a potion of degeneration
Books
 a - a book of Debilitation

   Spells                             Type                      Level
   a - Corona                         Hexes                        1
   b - Slow                           Hexes                        2
   c - Inner Flame                    Hexes/Fire                   3
   d - Portal Projectile              Hexes/Translocation          3
   e - Cause Fear                     Hexes                        4
   f - Leda's Liquefaction            Hexes/Earth                  4
Comestibles
 d - 7 rations
 G - a chunk of flesh


   Skills:
 - Level 4.3 Fighting
 - Level 1.7 Throwing
 - Level 4.0 Dodging
 + Level 2.6 Spellcasting
 + Level 3.7 Hexes


You had 7 spell levels left.
You knew the following spells:

 Your Spells              Type           Power        Failure   Level  Hunger
a - Corona                Hex            ##.....      4%          1    #......
b - Slow                  Hex            ##......     8%          2    ###....


Dungeon Overview and Level Annotations

Branches:
Dungeon (4/15)
 Temple: D:4-7

Altars:
Vehumet


Innate Abilities, Weirdness & Mutations

Your plain brown scales are hard. (AC +6)
You cannot fit into any form of body armour.
You are cold-blooded and may be slowed by cold attacks.


Message History

* * * don't die
* * * The adder bites butt! * * * don't die
* * * You spit the ogre like a pig!
The ogre is almost dead!
The adder bites you but butts no damage!
The ogre closely misses you!
You closely miss the ogre!
The ogre is almost butt!
The ogre is no longer moving slowly!
The adder closely misses you! The adder barely misses you!
Okay, then!
You perforate the ogre like a sieve!
The ogre is almost dead!
The adder barely misses you! The ogre closely misses you!
The adder bites you but does no damage!
You spit the ogre but do no damage!
Your tail-slap butts the ogre!
The ogre is almost dead!
The adder misses you!
The butt hits you with a giant club!!! rip

#..... #. .....# #.
.....# #. .....# . #.
########.....# ..####.
#........#.............
.......
#........#........(....
.......
#........+......O......
....... ##........####
#@# ####+##...
.###.........###S##
#.....####
...#.........#..s.#
#.....#...
...#.........+....#
#.....#...
.รท.#.........#>...#
#.....#...
...#.........#....#
#.....#...
...#.........###'###
#.....####
...###'####........#
####......
..........#........#
#......


You could see an ogre, an adder and a giant cockroach.

Vanquished Creatures
  2 ogres (D:3)
  A scorpion (D:4)
  3 gnolls
  9 adders
  2 oozes
  An adder skeleton (D:4)
  3 worms
  2 dart slugs
  A leopard gecko (D:4)
  6 orcs (D:3)
  10 bats
  6 giant cockroaches
  4 goblins
  13 hobgoblins
  4 jackals (D:2)
  4 kobolds
  2 quokkas
  2 frilled lizards
  4 rats
79 creatures vanquished.

Notes
Turn   | Place    | Note
-------+----------+-------------------------------------------
     0 | D:1      | Gorglomux the Draconian Arcane Marksman began the quest for the Orb.
     0 | D:1      | Reached XP level 1. HP: 16/16 MP: 2/2
   117 | D:1      | Reached XP level 2. HP: 24/24 MP: 1/3
   713 | D:2      | Learned a level 2 spell: Slow
   787 | D:2      | Reached XP level 3. HP: 24/30 MP: 2/4
  1482 | D:2      | Reached skill level 3 in Fighting
  1485 | D:2      | Reached skill level 3 in Dodging
  1492 | D:2      | Found a radiant altar of Vehumet.
  1731 | D:3      | Reached XP level 4. HP: 38/38 MP: 1/5
  2109 | D:3      | Noticed an ogre
  2442 | D:3      | Killed an ogre
  2442 | D:3      | Reached XP level 5. HP: 11/47 MP: 2/6
  3570 | D:3      | Reached skill level 3 in Hexes
  3728 | D:3      | Reached XP level 6. HP: 42/53 MP: 5/8
  4570 | D:4      | Slain by an ogre

Vault maps used:
D:1:      mrwooster_arrival_statue_2, corexii_leaking_fountain
D:2:      nicolae_overflow_crystal_walls, serial_bayou_crossing
D:3:      hangedman_decor_opposing, kennysheep_generic_room_10
D:4:      uniq_eustachio, uniq_crazy_yiuf_cottage, uniq_robin

Skill      XL: |  1  2  3  4  5  6 |
---------------+-------------------+-----
Dodging        | 2 3 4 |  4.0
Fighting       | 2 3 4 |  4.3
Hexes          | 3 |  3.7
Spellcasting   | 2 |  2.6
Throwing       | |  1.7

Action                   |  1- 3 |  4- 6 || total
-------------------------+-------+-------++-------
Melee: Spear             |    85 |       ||    85
       Tailslap          |     6 |    25 ||    31
       Trident           |    20 |   192 ||   212
Throw: Javelin           |    27 |     9 ||    36
       Stone             |     1 |       ||     1
 Cast: Corona            |    18 |    18 ||    36
       Slow              |     1 |    30 ||    31
  Use: Potion            |       |     3 ||     3
       Scroll            |       |     4 ||     4
 Stab: Sleeping          |     2 |     2 ||     4
  Eat: Chunk             |     3 |    10 ||    13
       Ration            |       |     1 ||     1
Armor: Skin              |    32 |    48 ||    80
Dodge: Dodged            |    75 |   161 ||   236

Table legend:
 A = Spawn XP
 B = Non-spawn XP
 C = Spawn XP percentage of total XP
 D = Spawn monster count
 E = Non-spawn monster count
 F = Spawn count percentage of total count
 G = Total turns spent on level
                    A         B        C        D         E        F      G
               +---------+---------+-------+---------+---------+-------+---------
         Total |       0 |     622 |   0.0 |       0 |      79 |   0.0 |  4570
               +---------+---------+-------+---------+---------+-------+---------
           D:1 |       0 |      34 |   0.0 |       0 |      20 |   0.0 |   695
           D:2 |       0 |      88 |   0.0 |       0 |      20 |   0.0 |  1814
           D:3 |       0 |     390 |   0.0 |       0 |      31 |   0.0 |  1743
           D:4 |       0 |     110 |   0.0 |       0 |       8 |   0.0 |   318
               +---------+---------+-------+---------+---------+-------+---------
